 Dungeon Crawl Stone Soup version 0.30-a0-359-gd0147acb1a (webtiles) character file.

Game seed: 14998709746978485248

1099 Maxmaps the Ducker (level 8, -2/55 HPs)
             Began as an Octopode Monk on Nov 11, 2022.
             Slain by a two-headed ogre
             ... wielding a +0 giant club
              (10 damage)
             ... on level 5 of the Dungeon.
             The game lasted 00:04:34 (5345 turns).

Maxmaps the Ducker (Octopode Monk)                  Turns: 5345, Time: 00:04:35

Health: -2/55      AC:  1    Str: 11    XL:     8   Next: 32%
Magic:  8/8        EV: 16    Int: 14    God:
Gold:   211        SH:  0    Dex: 14    Spells: 7/7 levels left

rFire   . . .      SeeInvis .    k - +1 dagger (venom)
rCold   . . .      Faith    .    (no shield)
rNeg    . . .      Spirit   .    (helmet restricted)
rPois   .          Reflect  .    (no amulet)
rElec   .          Harm     .    (no ring)
rCorr   .          Rampage  .    (no ring)
Will    .....                    (no ring)
Stlth   +++.......               (no ring)
HPRegen 0.29/turn                (no ring)
MPRegen 0.11/turn                (no ring)
                                 (no ring)
                                 (no ring)

@: no status effects
A: almost no armour, amphibious, 8 rings, camouflage 1, gelatinous body 1,
(nimble swimmer 1), tentacles
a: no special abilities


You were on level 5 of the Dungeon.
You visited 1 branch of the dungeon, and saw 5 of its levels.

You collected 211 gold pieces.

Inventory:

Hand Weapons
 b - a +0 club
 k - a +1 dagger of venom (weapon)
Jewellery
 n - a ring of fire
 w - a ring of fire
Wands
 o - a wand of polymorph (8)
 v - a wand of paralysis (7)
Scrolls
 e - 4 scrolls of teleportation
 f - 4 scrolls of amnesia {unknown}
 g - 2 scrolls of blinking {unknown}
 h - 2 scrolls of vulnerability {unknown}
 i - a scroll of noise {unknown}
 l - a scroll of silence {unknown}
 q - 2 scrolls of enchant armour {unknown}
 u - a scroll of torment {unknown}
 x - a scroll of fear {unknown}
 y - a scroll of identify
Potions
 a - a potion of ambrosia
 c - 2 potions of curing
 d - a potion of lignification
 j - a potion of brilliance {unknown}
 m - a potion of haste {unknown}
 p - a potion of cancellation {unknown}
 r - a potion of might {unknown}
 s - a potion of degeneration {unknown}
 t - a potion of invisibility {unknown}


   Skills:
 + Level 5.2 Fighting
 - Level 7.0 Dodging
 - Level 2.6 Stealth
 - Level 6.3 Unarmed Combat


You had 7 spell levels left.
You didn't know any spells.
Your spell library contained the following spells:

 Spells                   Type           Power      Damage    Failure   Level
 Inner Flame              Hex/Fire       0%         N/A       65%         3
 Flame Wave               Conj/Fire      0%         2d4       96%         4
 Sticky Flame             Conj/Fire      0%         2d3       96%         4


Dungeon Overview and Level Annotations

Branches:
Dungeon (5/15)
 Temple: D:4-7

Altars:

Shops:
D:3 :   D:4 *


Innate Abilities, Weirdness & Mutations

You cannot wear most types of armour.
You are amphibious.
You can wear up to eight rings at the same time.
Your skin changes colour to match your surroundings (Stealth+).
Your rubbery body absorbs attacks. (AC +1, EV +1)
((You are camouflaged when in or above water. (Stealth+)))
You have tentacles for arms and can constrict up to eight enemies at once.


Message History

The black bear misses you.
The black bear claws you but does no damage.
You hit the black bear but do no damage.
The black bear is heavily wounded.
You constrict the black bear. The black bear closely misses you.
The black bear completely misses you. The black bear claws you.
* * * LOW HITPOINT WARNING * * *
You hit the black bear.
The black bear is almost dead.
You constrict the black bear.
You kill the black bear!
Your Fighting skill increases to level 5!
You start resting.
HP restored.
A two-headed ogre is nearby!
A two-headed ogre is nearby!
A two-headed ogre is nearby!
The two-headed ogre shouts in stereo!
You hit the two-headed ogre but do no damage.
The two-headed ogre is poisoned.
You squeeze the two-headed ogre, but do no damage.
The two-headed ogre hits you with a +0 giant club!!
The two-headed ogre barely misses you.
You hit the two-headed ogre. You squeeze the two-headed ogre.
The two-headed ogre is lightly wounded.
An orc comes into view.
It is wielding a +2 vorpal quarterstaff and wearing the ring "Socen" {rPois rN+ Str+3 Int-3 Dex+6}.
The orc shouts!
You hit the two-headed ogre.
The two-headed ogre looks as sick as possible!
The two-headed ogre is moderately wounded.
The two-headed ogre closely misses you. The two-headed ogre barely misses you.
You hit the two-headed ogre but do no damage.
The two-headed ogre looks as sick as possible!
You tentacle-slap the two-headed ogre, but do no damage.
You squeeze the two-headed ogre.
The two-headed ogre is moderately wounded.
The two-headed ogre hits you with a +0 giant club!!
* * * LOW HITPOINT WARNING * * *
The two-headed ogre hits you with a +0 giant club!
You die...

#.##.######..#####.#######.#
#.##.######..# #.# #.#
#.##.#.......# #.# #.#
#.##.#.#.#...# ###.### ###.#
#............# #.....# #.(.#
####.#.#.#.#.###.....###.####
.....#.....#................#
########.#######.........##.#
[# #########@#........#.# .#
#.o#.....O#........#.# .#
.S#......##.......#.# ##
#..##..###.....##.# # #. #..#
##.......# # # ...#
###.#.#### # .$..# #...#.# #
##'####.###.# # #.##.# #.#


You could see a two-headed ogre (extremely poisoned), an adder (wandering) and
an orc.

Vanquished Creatures
  Sigmund (D:4)
  Menkaure (D:5)
  A black bear (D:5)
  A phantom (D:4)
  3 scorpions
  Crazy Yiuf (D:2)
  4 hounds
  Ijyb (D:5)
  2 iguanas (D:5)
  Natasha (thrice) (D:2)
  Robin (D:2)
  6 adders
  A shadow imp (D:5)
  2 white imps (D:5)
  An ufetubus (D:4)
  4 orcs
  5 bats (D:1)
  7 endoplasms
  6 hobgoblins
  5 jackals (D:1)
  7 kobolds
  3 quokkas
  6 ball pythons
  3 frilled lizards
  12 goblins
  2 rats (D:2)
89 creatures vanquished.

Notes
Turn   | Place    | Note
-------+----------+-------------------------------------------
     0 | D:1      | Maxmaps the Octopode Monk began the quest for the Orb.
     0 | D:1      | Reached XP level 1. HP: 16/16 MP: 1/1
   107 | D:1      | Reached XP level 2. HP: 21/21 MP: 2/2
   415 | D:1      | Reached XP level 3. HP: 14/26 MP: 3/3
  1280 | D:2      | Noticed Natasha
  1291 | D:2      | Killed Natasha
  1292 | D:2      | Reached XP level 4. HP: 13/31 MP: 4/4
  1451 | D:2      | Found a runed translucent door.
  1452 | D:2      | Noticed Crazy Yiuf
  1487 | D:2      | Noticed Natasha
  1500 | D:2      | Killed Natasha
  1501 | D:2      | Reached skill level 5 in Unarmed Combat
  1976 | D:2      | Noticed Robin
  1985 | D:2      | Killed Robin
  1986 | D:2      | Reached XP level 5. HP: 28/36 MP: 5/5
  2274 | D:2      | Noticed Natasha
  2282 | D:2      | Killed Natasha
  2473 | D:2      | Killed Crazy Yiuf
  2474 | D:2      | Reached skill level 4 in Dodging
  2852 | D:3      | Found Soliem Ysor's Book Shoppe.
  3196 | D:4      | Noticed a phantom
  3204 | D:4      | Reached XP level 6. HP: 42/42 MP: 6/6
  3222 | D:4      | Reached skill level 5 in Dodging
  3388 | D:4      | Noticed Sigmund
  3424 | D:4      | Reached skill level 6 in Dodging
  3427 | D:4      | Reached XP level 7. HP: 7/46 MP: 7/7
  3478 | D:4      | Killed Sigmund
  3479 | D:4      | Reached skill level 7 in Dodging
  3748 | D:4      | Found Kopt's Neck Hole.
  4118 | D:5      | Entered Level 5 of the Dungeon
  4148 | D:5      | Noticed Ijyb
  4158 | D:5      | Killed Ijyb
  4290 | D:5      | Noticed Menkaure
  4314 | D:5      | Killed Menkaure
  4622 | D:5      | Reached XP level 8. HP: 41/54 MP: 8/8
  5168 | D:5      | Noticed a two-headed ogre
  5191 | D:5      | Reached skill level 5 in Fighting
  5343 | D:5      | Identified the ring "Socen" {rPois rN+ Str+3 Int-3 Dex+6}
  5345 | D:5      | Slain by a two-headed ogre

Illustrated notes

Levels and vault maps discovered:
D:1:      saegor_arrival_under_anarchy, layout_basic, minmay_pentomino_v2
D:2:      layout_basic, uniq_robin, uniq_crazy_yiuf_cottage, uniq_natasha
D:3:      layout_basic, serial_shops, shop,
          nicolae_concentric_dashed_squares_wild
D:4:      layout_layer_cave, nicolae_shop_sticking_my_neck_out, uniq_sigmund
D:5:      minmay_clustersquares, layout_loops_ring, uniq_ijyb, uniq_menkaure

Skill      XL: |  1  2  3  4  5  6  7  8 |
---------------+-------------------------+-----
Unarmed Combat | 4 5 6 |  6.3
Dodging        | 4 6 7 |  7.0
Fighting       | 5 |  5.2
Stealth        | |  2.6

Action                   |  1- 3 |  4- 6 |  7- 9 || total
-------------------------+-------+-------+-------++-------
Melee: Unarmed           |    84 |    24 |     4 ||   112
       Constrict         |    21 |    19 |    15 ||    55
       Tentacles         |    12 |    21 |    16 ||    49
       Punch             |     2 |     1 |     6 ||     9
       Dagger            |       |    74 |    79 ||   153
  Use: Scroll            |       |     4 |       ||     4
       Potion            |       |     1 |     4 ||     5
 Stab: Sleeping          |     9 |     5 |     5 ||    19
Armor: Skin              |     7 |     9 |     7 ||    23
Dodge: Dodged            |    62 |    95 |    48 ||   205

Table legend: (Time is in decaauts)
 A = Elapsed time spent in this place.
 B = Non-inter-level travel time spent in this place.
 C = Inter-level travel time spent in this place.
 D = Time resting spent in this place.
 E = Time spent auto-exploring this place.
 F = Levels seen in this place.
 G = Mean time per level.
                   A        B        C        D        E       F      G
               +--------+--------+--------+--------+--------+-----+--------+
         Total |   5342 |   5257 |     85 |   1044 |   3547 |   5 | 1068.4 |
       Dungeon |   5342 |   5257 |     85 |   1044 |   3547 |   5 | 1068.4 |
               +--------+--------+--------+--------+--------+-----+--------+

Top non-repeatable levels by time:
     D:2: 1428 daAuts
     D:5: 1225 daAuts
     D:1: 1172 daAuts
     D:4: 921 daAuts
     D:3: 594 daAuts
